MID
CLINTON LUMBERKINGS @ HICKORY CRAWDADS
06/02/2044
 
TOP OF THE 1ST
Clinton LumberKings batting - Pitching for Hickory Crawdads : RHP Mario Vizcaya
Pitching: RHP Mario Vizcaya
Batting: RHB Kikuo Sato 0-0: Swinging Strike
0-1: Swinging Strike
0-2: Foul Ball, location: 2F
0-2: Ball
1-2: Ball
2-2: SINGLE (Groundball, 56D, EV 98.8 MPH)
Batting: RHB Rick Ellis 0-0: Ball
1-0: Called Strike
1-1: Ball
2-1: Swinging Strike
2-2: Strikes out looking
Batting: RHB Josh Ruhl 0-0: Called Strike
0-1: Called Strike
0-2: Strikes out looking
Batting: LHB Jason Hopkins 0-0: Ball
1-0: Called Strike
Kikuo Sato steals 2nd base
1-1: Called Strike
1-2: Ball
2-2: Ball
3-2: Fly out, F7 (Flyball, 7LM, EV 96.9 MPH)
Top of the 1st over - 0 runs, 1 hit, 0 errors, 1 left on base; Clinton 0 - Hickory 0
BOTTOM OF THE 1ST
Hickory Crawdads batting - Pitching for Clinton LumberKings : RHP Trevor Jacobsen
Pitching: RHP Trevor Jacobsen
Batting: LHB Jose Baez 0-0: Ball
1-0: Foul Ball, location: 2F
1-1: Foul Ball, location: 2F
1-2: Foul Ball, location: 2F
1-2: Foul Ball, location: 2F
1-2: Ground out 1-3 (Groundball, 13S, EV 71.2 MPH)
Batting: LHB Franklin Quezada 0-0: Called Strike
0-1: Ball
1-1: Ground out 6-3 (Groundball, 6, EV 85.0 MPH)
Batting: RHB Doug Hammertime 0-0: Swinging Strike
0-1: Ball
1-1: Swinging Strike
1-2: Ball
2-2: Ball
3-2: Foul Ball, location: 2F
3-2: Base on Balls
Batting: RHB George King 0-0: Ball
Doug Hammertime is caught stealing 2nd base 2-4
Bottom of the 1st over - 0 runs, 0 hits, 0 errors, 0 left on base; Clinton 0 - Hickory 0
TOP OF THE 2ND
Clinton LumberKings batting - Pitching for Hickory Crawdads : RHP Mario Vizcaya
Batting: SHB Jose Castillo 0-0: Called Strike
0-1: Swinging Strike
0-2: Ball
1-2: Ball
2-2: Ball
3-2: Strikes out looking
Batting: RHB Josh O'Neal 0-0: Called Strike
0-1: Ball
1-1: Ground out 5-3 (Groundball, 56, EV 83.8 MPH)
Batting: RHB Salvador Avina 0-0: Swinging Strike
0-1: Foul Ball, location: 2F
0-2: Ground out 6-3 (Groundball, 6, EV 101.2 MPH)
Top of the 2nd over - 0 runs, 0 hits, 0 errors, 0 left on base; Clinton 0 - Hickory 0
BOTTOM OF THE 2ND
Hickory Crawdads batting - Pitching for Clinton LumberKings : RHP Trevor Jacobsen
Batting: RHB George King 0-0: Foul Ball, location: 2F
0-1: DOUBLE (Line Drive, 89XD, EV 101.9 MPH)
Batting: LHB Ben Radach 0-0: Called Strike
0-1: Ball
1-1: Ball
2-1: SINGLE (Groundball, 56D, EV 106.2 MPH)
George King to third
Batting: LHB Casper Kersten 0-0: Ball
1-0: Ball
2-0: Foul Ball, location: 2F
2-1: Ball
3-1: Called Strike
3-2: Base on Balls
Ben Radach to second
Batting: RHB Adryão Anto 0-0: Ball
Wild Pitch!
George King scores
Ben Radach to third
Casper Kersten to second
1-0: Ground out 4-3 (Groundball, 4M, EV 81.2 MPH)
Ben Radach scores
Casper Kersten to third
Batting: SHB Santos Renteria 0-0: Called Strike
0-1: Ball
1-1: Ball
2-1: Swinging Strike
2-2: 2-RUN HOME RUN (Flyball, 9LD, EV 95.0 MPH), Distance : 357 ft
Batting: RHB Jose Guerrero 0-0: Ball
1-0: Fly out, F7 (Line Drive, 7S, EV 101.2 MPH)
Batting: LHB Jose Baez 0-0: Called Strike
0-1: Ball
1-1: Swinging Strike
1-2: SINGLE (Flyball, 56D, EV 94.4 MPH)
Batting: LHB Franklin Quezada 0-0: Ball
1-0: Foul Ball, location: 2F
1-1: Ball
2-1: Ball
3-1: Swinging Strike
3-2: Ground out 6-3 (Groundball, 6, EV 86.9 MPH)
Bottom of the 2nd over - 4 runs, 4 hits, 0 errors, 1 left on base; Clinton 0 - Hickory 4
TOP OF THE 3RD
Clinton LumberKings batting - Pitching for Hickory Crawdads : RHP Mario Vizcaya
Batting: RHB Josh Mauer 0-0: Ball
1-0: Foul Ball, location: 2F
1-1: Ball
2-1: Called Strike
2-2: Foul Ball, location: 2F
2-2: Strikes out swinging, 2-3 out at first.
Batting: LHB Brian Butler 0-0: Foul Ball, location: 2F
0-1: Reached via error on a dropped throw from SS, E3 (Groundball, 6, EV 83.8 MPH)
Batting: RHB Kikuo Sato 0-0: Ball
1-0: Called Strike
Brian Butler steals 2nd base
1-1: Swinging Strike
1-2: Strikes out swinging
Batting: RHB Rick Ellis 0-0: Foul Ball, location: 2F
0-1: Foul Ball, location: 2F
0-2: Ground out 4-3 (Groundball, 4D, EV 100.6 MPH)
Top of the 3rd over - 0 runs, 0 hits, 1 error, 1 left on base; Clinton 0 - Hickory 4
BOTTOM OF THE 3RD
Hickory Crawdads batting - Pitching for Clinton LumberKings : RHP Trevor Jacobsen
Batting: RHB Doug Hammertime 0-0: Ball
1-0: Called Strike
1-1: Foul Ball, location: 2F
1-2: Ball
2-2: Strikes out swinging
Batting: RHB George King 0-0: Called Strike
0-1: Foul Ball, location: 2F
0-2: Strikes out looking
Batting: LHB Ben Radach 0-0: Ball
1-0: Ball
2-0: Ball
3-0: Base on Balls
Batting: LHB Casper Kersten 0-0: Ball
1-0: Called Strike
1-1: Foul Ball, location: 2F
1-2: Ball
2-2: Ball
3-2: Fly out, F3 (Line Drive, 3, EV 66.9 MPH)
Bottom of the 3rd over - 0 runs, 0 hits, 0 errors, 1 left on base; Clinton 0 - Hickory 4
TOP OF THE 4TH
Clinton LumberKings batting - Pitching for Hickory Crawdads : RHP Mario Vizcaya
Batting: RHB Josh Ruhl 0-0: Called Strike
0-1: Foul Ball, location: 2F
0-2: Ground out 6-3 (Groundball, 6S, EV 76.9 MPH)
Batting: LHB Jason Hopkins 0-0: Fly out, F7 (Line Drive, 7, EV 91.9 MPH)
Batting: SHB Jose Castillo 0-0: Foul Ball, location: 2F
0-1: Foul Ball, location: 2F
0-2: Strikes out looking
Top of the 4th over - 0 runs, 0 hits, 0 errors, 0 left on base; Clinton 0 - Hickory 4
BOTTOM OF THE 4TH
Hickory Crawdads batting - Pitching for Clinton LumberKings : RHP Trevor Jacobsen
Batting: RHB Adryão Anto 0-0: Ground out 4-3 (Groundball, 4, EV 105.6 MPH)
Batting: SHB Santos Renteria 0-0: Ball
1-0: Foul Ball, location: 2F
1-1: Swinging Strike
1-2: Ball
2-2: Foul Ball, location: 2F
2-2: Strikes out looking
Batting: RHB Jose Guerrero 0-0: Ball
1-0: Ground out U3 (Groundball, 23, EV 85.6 MPH)
Bottom of the 4th over - 0 runs, 0 hits, 0 errors, 0 left on base; Clinton 0 - Hickory 4
TOP OF THE 5TH
Clinton LumberKings batting - Pitching for Hickory Crawdads : RHP Mario Vizcaya
Batting: RHB Josh O'Neal 0-0: Swinging Strike
0-1: Ball
1-1: Swinging Strike
1-2: Ball
2-2: Strikes out looking
Batting: RHB Salvador Avina 0-0: Ball
1-0: Called Strike
1-1: Foul Ball, location: 2F
1-2: Foul Ball, location: 2F
1-2: Ground out 6-3 (Groundball, 6S, EV 88.8 MPH)
Batting: RHB Josh Mauer 0-0: Foul Ball, location: 5F, Error on foul ball, E5
0-1: Ball
1-1: Fly out, F9 (Flyball, 9, EV 81.2 MPH)
Top of the 5th over - 0 runs, 0 hits, 1 error, 0 left on base; Clinton 0 - Hickory 4
BOTTOM OF THE 5TH
Hickory Crawdads batting - Pitching for Clinton LumberKings : RHP Trevor Jacobsen
Batting: LHB Jose Baez 0-0: Ball
1-0: Ball
2-0: Called Strike
2-1: SOLO HOME RUN (Flyball, 7D, EV 99.4 MPH), Distance : 389 ft
Batting: LHB Franklin Quezada 0-0: Called Strike
0-1: Ball
1-1: Ball
2-1: Foul Ball, location: 2F
2-2: Ball
3-2: Fly out, F3 (Popup, 3S, EV 78.1 MPH)
Batting: RHB Doug Hammertime 0-0: Called Strike
0-1: Ball
1-1: Swinging Strike
1-2: Strikes out swinging
Pitching: RHP Mike Bator
Batting: RHB George King 0-0: Ball
1-0: Called Strike
1-1: Ball
2-1: Ball
3-1: Foul Ball, location: 2F
3-2: Base on Balls
Batting: LHB Ben Radach 0-0: Fielders Choice at 2nd, 6-4 (Groundball, 6, EV 96.2 MPH)
Bottom of the 5th over - 1 run, 1 hit, 0 errors, 1 left on base; Clinton 0 - Hickory 5
TOP OF THE 6TH
Clinton LumberKings batting - Pitching for Hickory Crawdads : RHP Mario Vizcaya
Batting: LHB Brian Butler 0-0: Foul Ball, location: 2F
0-1: Ball
1-1: Foul Ball, location: 2F
1-2: Ball
2-2: Fly out, F9 (Flyball, 9LM, EV 73.8 MPH)
Batting: RHB Kikuo Sato 0-0: Ball
1-0: Swinging Strike
1-1: Foul Ball, location: 2F
1-2: SINGLE (Groundball, 4D, EV 97.5 MPH)
Batting: RHB Rick Ellis 0-0: Ball
Kikuo Sato steals 2nd base
1-0: Ball
2-0: Called Strike
2-1: Foul Ball, location: 2F
2-2: Ball
3-2: SINGLE (Groundball, 4MD, EV 96.2 MPH)
Kikuo Sato to third
Runner from 3rd tries for Home, SAFE, throw by CF to home
Batting: RHB Josh Ruhl 0-0: Called Strike
Rick Ellis steals 2nd base
0-1: Ground out 4-3 (Groundball, 4M, EV 86.2 MPH)
Rick Ellis to third
Batting: LHB Jason Hopkins 0-0: Ball
1-0: Swinging Strike
1-1: Ball
2-1: Foul Ball, location: 2F
2-2: Strikes out swinging
Top of the 6th over - 1 run, 2 hits, 0 errors, 1 left on base; Clinton 1 - Hickory 5
BOTTOM OF THE 6TH
Hickory Crawdads batting - Pitching for Clinton LumberKings : RHP Mike Bator
Batting: LHB Casper Kersten 0-0: Called Strike
0-1: Ground out 4-3 (Groundball, 4, EV 101.2 MPH)
Batting: RHB Adryão Anto 0-0: Ball
1-0: Called Strike
1-1: SINGLE (Flyball, 9LM, EV 90.0 MPH)
Batting: SHB Santos Renteria 0-0: Called Strike
0-1: Swinging Strike
0-2: Ball
1-2: Ball
2-2: Ball
3-2: Fly out, F8 (Flyball, 8LS, EV 88.8 MPH)
Batting: RHB Jose Guerrero 0-0: Ball
Adryão Anto is caught stealing 2nd base 2-4
Bottom of the 6th over - 0 runs, 1 hit, 0 errors, 0 left on base; Clinton 1 - Hickory 5
TOP OF THE 7TH
Clinton LumberKings batting - Pitching for Hickory Crawdads : RHP Mario Vizcaya
Now at 1B: Jason Swisher
Batting: SHB Jose Castillo 0-0: Ground out 5-3 (Groundball, 56, EV 76.2 MPH)
Batting: RHB Josh O'Neal 0-0: Called Strike
0-1: Ball
1-1: Swinging Strike
1-2: Ball
2-2: Foul Ball, location: 2F
2-2: Strikes out swinging
Batting: RHB Salvador Avina 0-0: Foul Ball, location: 2F
0-1: Called Strike
0-2: Strikes out swinging
Top of the 7th over - 0 runs, 0 hits, 0 errors, 0 left on base; Clinton 1 - Hickory 5
BOTTOM OF THE 7TH
Hickory Crawdads batting - Pitching for Clinton LumberKings : RHP Mike Bator
Pitching: RHP Adam Fair
Batting: RHB Jose Guerrero 0-0: Ball
1-0: Ball
2-0: Ground out 4-3 (Groundball, 4MS, EV 93.8 MPH)
Batting: LHB Jose Baez 0-0: Foul Ball, location: 2F
0-1: Ball
1-1: Foul Ball, location: 2F
1-2: Strikes out swinging
Batting: LHB Franklin Quezada 0-0: Ball
1-0: Foul Ball, location: 2F
1-1: Swinging Strike
1-2: Foul Ball, location: 2F
1-2: Ball
2-2: Strikes out swinging, 2-3 out at first.
Bottom of the 7th over - 0 runs, 0 hits, 0 errors, 0 left on base; Clinton 1 - Hickory 5
TOP OF THE 8TH
Clinton LumberKings batting - Pitching for Hickory Crawdads : RHP Mario Vizcaya
Batting: RHB Josh Mauer 0-0: Ball
1-0: Ball
2-0: Ball
3-0: Base on Balls
Pitching: LHP Logan Benson
Pinch Hitting: LHB Jawad Fahad 0-0: Ball
1-0: Called Strike
1-1: Foul Ball, location: 2F
1-2: Ball
2-2: Ball
3-2: Fly out, F7 (Flyball, 7LS, EV 80.0 MPH)
Batting: RHB Kikuo Sato 0-0: Ball
1-0: Swinging Strike
1-1: Foul Ball, location: 2F
1-2: Ball
2-2: Foul Ball, location: 2F
2-2: Strikes out swinging
Batting: RHB Rick Ellis 0-0: Called Strike
0-1: Called Strike
0-2: Ball
1-2: Ball
2-2: Ball
3-2: Ground out U3 (Groundball, 34S, EV 81.9 MPH)
Top of the 8th over - 0 runs, 0 hits, 0 errors, 1 left on base; Clinton 1 - Hickory 5
BOTTOM OF THE 8TH
Hickory Crawdads batting - Pitching for Clinton LumberKings : RHP Adam Fair
Pitching: LHP Rentaro Minami
Now at 3B: Jawad Fahad
Now at SS: Rick Ellis
Batting: RHB Doug Hammertime 0-0: Ball
1-0: Ball
2-0: Called Strike
2-1: Ball
3-1: Base on Balls
Batting: RHB George King 0-0: Ball
1-0: Ball
2-0: 2-RUN HOME RUN (Flyball, 78XD, EV 115.0 MPH), Distance : 448 ft
Batting: RHB Jason Swisher 0-0: Ball
1-0: Foul Ball, location: 2F
1-1: Foul Ball, location: 2F
1-2: Foul Ball, location: 2F
1-2: Ball
2-2: Foul Ball, location: 2F
2-2: SINGLE (Line Drive, 4D, EV 102.5 MPH)
Batting: LHB Casper Kersten 0-0: SINGLE (Groundball, 4S, EV 68.8 MPH) (infield hit)
Jason Swisher to second
Batting: RHB Adryão Anto 0-0: Called Strike
0-1: Ball
1-1: Ball
2-1: Called Strike
2-2: TRIPLE (Flyball, 89XD, EV 105.0 MPH)
Jason Swisher scores
Casper Kersten scores
Pitching: LHP Justin Neikirk
Batting: SHB Santos Renteria 0-0: Ground out 4-3 (Groundball, 4, EV 76.2 MPH)
Adryão Anto scores
Batting: RHB Jose Guerrero 0-0: Ball
1-0: Ball
2-0: Called Strike
2-1: SINGLE (Groundball, 23, EV 69.4 MPH) (infield hit)
Batting: LHB Jose Baez 0-0: Ball
1-0: Fielders Choice at 2nd, 4-6 (Groundball, 4, EV 104.4 MPH)
Batting: LHB Franklin Quezada 0-0: SINGLE (Groundball, 25, EV 70.0 MPH) (infield hit)
Jose Baez to second
Batting: RHB Doug Hammertime 0-0: Ball
1-0: Called Strike
1-1: Foul Ball, location: 2F
1-2: Strikes out swinging
Bottom of the 8th over - 5 runs, 6 hits, 0 errors, 2 left on base; Clinton 1 - Hickory 10
TOP OF THE 9TH
Clinton LumberKings batting - Pitching for Hickory Crawdads : LHP Logan Benson
Batting: RHB Josh Ruhl 0-0: Foul Ball, location: 2F
0-1: Called Strike
0-2: Foul Ball, location: 2F
0-2: Foul Ball, location: 2F
0-2: Ball
1-2: Strikes out looking
Batting: LHB Jason Hopkins 0-0: Called Strike
0-1: Called Strike
0-2: Foul Ball, location: 2F
0-2: Ball
1-2: Strikes out swinging
Batting: SHB Jose Castillo 0-0: Called Strike
0-1: Swinging Strike
0-2: Ball
1-2: Foul Ball, location: 2F
1-2: DOUBLE (Line Drive, 3D, EV 96.9 MPH)
Pinch Hitting: LHB Leão Alvide 0-0: SINGLE (Groundball, 4MD, EV 106.9 MPH)
Jose Castillo to third
Batting: RHB Salvador Avina 0-0: Ball
1-0: Ball
Wild Pitch!
Jose Castillo scores
Leão Alvide to second
2-0: Called Strike
2-1: Called Strike
2-2: Foul Ball, location: 2F
2-2: Strikes out looking
Top of the 9th over - 1 run, 2 hits, 0 errors, 1 left on base; Clinton 2 - Hickory 10
Thursday, March 31st , 2022 - OOTP Baseball 22.12 Build 89